 Dungeon Crawl Stone Soup version 0.31.0-12-g77e489cdc1 (webtiles) character file.

Game seed: 386155897629617894

272722 lonewolfV2 the Tortoise (level 21, -7/172 HPs)
             Began as a Formicid Fighter on Feb 13, 2024.
             Was the Champion of Qazlal.
             Mangled by a rockslime (17 damage)
             ... created by the Royal Jelly
             ... on level 5 of the Pits of Slime.
             The game lasted 01:43:06 (38641 turns).

lonewolfV2 the Tortoise (Formicid Fighter)         Turns: 38641, Time: 01:43:06

Health: -7/172     AC: 39    Str: 33    XL:     21   Next: 12%
Magic:  0/33       EV: 18    Int:  5    God:    Qazlal [******]
Gold:   1594       SH:  0    Dex: 20    Spells: 20/20 levels left

rFire   + + .        N - +5 battleaxe (protect)
rCold   + + .        M - +2 tower shield
rNeg    . . .        A - +10 plate armour {ponderous}
rPois   +            (helmet unavailable)
rElec   +            j - +2 cloak "Arrame Sol" {rElec rF- Slay+5 SInv}
rCorr   +            r - +0 pair of gloves
SInv    +            (no boots)
Will    +++..        Z - amulet of guardian spirit Stlth
                     U - +6 ring of strength
HPRegen 0.48/turn    V - ring "Bokhloasi" {rF++ Dex+3 SInv}
MPRegen 0.23/turn

%: repel missiles, guardian spirit
@: confused, resistant, ambrosia-drunk, engulfed (cannot breathe), protected
from physical damage, corroded, under a protective aura, unable to drink, slow
A: permanent stasis, dig shafts and tunnels, antennae 3, four strong arms, cold
resistance 1, dopey 2, strong-willed 1, screaming 2, inability to drink after
injury 1
}: 2/15 runes: barnacled, gossamer
a: Dig, Shaft Self, Renounce Religion, Upheaval, Elemental Force, Disaster Area


You were on level 5 of the Pits of Slime.
You worshipped Qazlal.
Qazlal was exalted by your worship.
You visited 5 branches of the dungeon, and saw 33 of its levels.
You also visited: Sewer.

You collected 3274 gold pieces.
You spent 1680 gold pieces at shops.

Inventory:

Hand Weapons
 a - a +1 war axe of venom
 i - the +10 spear "Tozo Lyl" {freeze, rPois rC+ Str+2}
   (You took it off a spriggan on level 3 of the Lair of Beasts)

   Str+2:     It affects your strength (+2).
   rC+:       It protects you from cold.
   rPois:     It protects you from poison
 D - the +4 battleaxe of Sloth {freeze, Fly rC+++ MP-9 Int-2}
   (You bought it in a shop on level 4 of the Dungeon)

   Int-2:     It affects your intelligence (-2).
   rC+++:     It renders you almost immune to cold.
   MP-9:      It affects your magic capacity (-9).
   Fly:       It grants you flight.
 N - a +5 battleaxe of protection (weapon)
Missiles
 y - 6 throwing nets
Armour
 b - the +6 plate armour of Miracles {Str+3 Dex+3}
   (You bought it in a shop on level 4 of the Dungeon)

   Str+3:     It affects your strength (+3).
   Dex+3:     It affects your dexterity (+3).
 j - the +2 cloak "Arrame Sol" (worn) {rElec rF- Slay+5 SInv}
   (You found it on level 2 of the Dungeon)

   Slay+5:    It affects your accuracy & damage with ranged weapons and melee
   (+5).
   rF-:       It makes you vulnerable to fire.
   rElec:     It insulates you from electricity.
   SInv:      It lets you see invisible.
 r - a +0 pair of gloves (worn)
 A - a +10 plate armour of ponderousness (worn)
 C - a +1 cloak
 M - a +2 tower shield (worn)
Jewellery
 d - a +6 ring of dexterity
 e - an amulet of faith
 f - a ring of protection from fire
 q - a ring of resist corrosion
 L - a +6 ring of strength
 U - a +6 ring of strength (left hand)
 V - the ring "Bokhloasi" (right hand) {rF++ Dex+3 SInv}
   (You found it on level 5 of the Lair of Beasts)

   [ring of see invisible]

   Dex+3:     It affects your dexterity (+3).
   rF++:      It greatly protects you from fire.
   SInv:      It lets you see invisible.
 Y - a +4 ring of protection
 Z - an amulet of guardian spirit (around neck)
Wands
 s - a wand of flame (63)
 t - a wand of charming (45)
 w - a wand of light (20)
 x - a wand of iceblast (44)
 R - a wand of polymorph (13)
Scrolls
 c - 8 scrolls of identify
 g - a scroll of torment
 h - 2 scrolls of fog
 E - 2 scrolls of poison
 I - 5 scrolls of fear
 O - 2 scrolls of silence
 X - a scroll of revelation
Potions
 k - a potion of resistance
 l - 11 potions of curing
 m - 7 potions of brilliance
 B - 6 potions of enlightenment
 F - 7 potions of ambrosia
 H - 2 potions of invisibility
 K - 2 potions of magic
 S - 3 potions of might
Miscellaneous
 P - a condenser vane (inert)
 T - a sack of spiders
 W - a phial of floods (inert)


   Skills:
 + Level 16.4 Fighting
 - Level 16.6 Axes
 - Level 17.6 Armour
 - Level 15.8 Dodging
 - Level 17.6 Shields
 - Level 16.5 Invocations


You had 20 spell levels left.
You didn't know any spells.
Your spell library contained the following spells:

 Spells                   Type           Power      Damage    Failure   Level
 Foxfire                  Conj/Fire      0%         2x1d4     98%         1
 Slow                     Hex            0%         N/A       98%         1
 Sting                    Conj/Alch      0%         1d3       98%         1
 Cigotuvi's Dreadful Rot  Necr/Alch/Air  0%         N/A       99%         2
 Lesser Beckoning         Tloc           0%         N/A       99%         2
 Mercury Vapours          Alch/Air       0%         N/A       99%         2
 Scorch                   Fire           0%         2d5       99%         2
 Confusing Touch          Hex            0%         N/A       100%        3
 Gell's Gravitas          Tloc           0%         N/A       100%        3
 Hailstorm                Conj/Ice       0%         3d5       100%        3
 Inner Flame              Hex/Fire       0%         N/A       100%        3
 Ozocubu's Armour         Ice            0%         N/A       100%        3
 Sigil of Binding         Hex            0%         N/A       100%        3
 Stone Arrow              Conj/Erth      0%         3d7       100%        3
 Summon Ice Beast         Ice/Summ       0%         N/A       100%        3
 Teleport Other           Tloc           0%         N/A       100%        3
 Tukima's Dance           Hex            0%         N/A       100%        3
 Vampiric Draining        Necr           0%         2d6       100%        3
 Volatile Blastmotes      Fire/Tloc      0%         2d10      100%        3
 Animate Armour           Summ/Erth      0%         N/A       100%        4
 Flame Wave               Conj/Fire      0%         2d4       100%        4
 Fulminant Prism          Conj/Alch      0%         3d5       100%        4
 Ignite Poison            Fire/Alch      0%         N/A       100%        4
 Iskenderun's Mystic Bla  Conj/Tloc      0%         2d3       100%        4
 Leda's Liquefaction      Alch/Erth      0%         N/A       100%        4
 Olgreb's Toxic Radiance  Alch           0%         N/A       100%        4
 Passage of Golubria      Tloc           0%         N/A       100%        4
 Sticky Flame             Fire/Alch      0%         2d4       100%        4
 Summon Blazeheart Golem  Fire/Summ      0%         N/A       100%        4
 Alistair's Intoxication  Alch           0%         N/A       100%        5
 Borgnjor's Vile Clutch   Necr/Erth      0%         N/A       100%        5
 Freezing Cloud           Conj/Ice/Air   0%         6-21      100%        5
 Irradiate                Conj/Alch      0%         3d11      100%        5
 Lee's Rapid Deconstruct  Erth           0%         3d4*      100%        5
 Metabolic Englaciation   Hex/Ice        0%         N/A       100%        5
 Yara's Violent Unravell  Hex/Alch       0%         3d3       100%        5
 Bombard                  Conj/Erth      0%         9d1       100%        6
 Eringya's Noxious Bog    Alch           0%         4d6       100%        6
 Plasma Beam              Fire/Air       0%         2x1d10    100%        6
 Sculpt Simulacrum        Ice/Alch       0%         N/A       100%        6
 Starburst                Conj/Fire      0%         6d3       100%        6
 Summon Cactus Giant      Summ           0%         N/A       100%        6
 Orb of Destruction       Conj           0%         9d5       100%        7
 Spellforged Servitor     Conj/Summ      0%         N/A       100%        7
 Ignition                 Fire           0%         3d3       100%        8
 Lehudib's Crystal Spear  Conj/Erth      0%         10d2      100%        8


Dungeon Overview and Level Annotations

Branches:
Dungeon (15/15)            Temple (0/1) D:5            Lair (5/5) D:11
 Shoals (4/4) Lair:2       Spider (4/4) Lair:2        Slime (5/5) Lair:4
    Orc (0/2) D:9          Vaults (0/5) D:13         Depths (0/4) D:15
  Sewer (visited)

Altars:
Fedhas
Kikubaaqudgha
Qazlal
Sif Muna
Trog
Vehumet
Wu Jian
Yredelemnul
Lugonu

Shops:
D:4 [(   D:6 ?   Shoals:1 *:   Shoals:3 *

Portals:
Abyss: Lair:5
Trove: D:13 (give 2 scrolls of acquirement)

Annotations:
D:7 1 runed translucent door
Shoals:1 2 transporters, Ekaitz's ghost, journeyman DsFE
Slime:5 Royal Jelly


Innate Abilities, Weirdness & Mutations

You cannot be hasted, slowed, berserked, paralysed or teleported.
You can dig through walls and to a lower floor.
You have a pair of large antennae on your head. (SInv)
Your four strong arms can wield two-handed weapons with a shield.
Your flesh is cold resistant. (rC+)
You are very dopey. (Int -4)
You are strong-willed. (Will+)
You frequently scream uncontrollably at your foes.
You occasionally lose the ability to drink potions when taking damage.


Message History

You kill the rockslime!
That felt strangely unrewarding.
You slice the rockslime!! You hit the rockslime but do no damage.
The quicksilver ooze jiggles.
The quicksilver ooze hits you.
You block the quicksilver ooze's attack.
The rockslime is engulfed in freezing vapours.
You block the rockslime's attack. x2
The Royal Jelly is engulfed in freezing vapours.
The Royal Jelly shudders.
The Royal Jelly spits out another jelly.
You block the quicksilver ooze's attack.
The quicksilver ooze barely misses you.
Okay, then.
You feel better. The rockslime barely misses you.
You block the rockslime's attack. The quicksilver ooze hits you.
* * * LOW HITPOINT WARNING * * *
The quicksilver ooze engulfs you!
The quicksilver ooze hits you but does no damage.
You block the azure jelly's attack. The azure jelly barely misses you.
You block the azure jelly's attack.
The azure jelly hits you but does no damage.
The rockslime is engulfed in freezing vapours.
You block the rockslime's attack.
You are confused.
You feel invigorated.
* * * LOW HITPOINT WARNING * * *
You feel threatened and lose the ability to drink potions!
Your lungs strain for air!
The quicksilver ooze closely misses you.
The quicksilver ooze hits you but does no damage.
The rockslime hits you!!
* * * LOW HITPOINT WARNING * * *
You hold your ground!
The azure jelly hits you but does no damage. x3
The azure jelly hits you.
* * * LOW HITPOINT WARNING * * *
You feel more protected from physical attacks.
The rockslime hits you!!
You die...

... ..... #........... ..
#.. #... ...#...#...
#.###.###.#######.###.###.#
..#...#...#...#...#...#...
...#...#...........#.....
#...#...#...#...#...#...
##.###.#######.###.###.#
...#...#JJJ# #...#...#...
.....#.≈JJ@# #...........
...#...#JJ.# #...#...#...
##.###### ######.##### #..,
#...# #. #...# #. #...# #
##.## ... .#.


You could see the Royal Jelly, 3 azure jellies, 2 rockslimes and a quicksilver
ooze.

Vanquished Creatures
  Asterion (Spider:1)
  A titan (Shoals:1)
  7 acid blobs
  Polyphemus (Shoals:3)
  Frances (D:13)
  Kirke (D:13)
  A storm dragon (Shoals:4)
  8 rockslimes
  5 azure jellies
  4 ghost moths
  2 emperor scorpions (Spider:4)
  4 quicksilver oozes
  A stone giant (Shoals:1)
  3 broodmothers
  A formless jellyfish (Shoals:4)
  The ghost of ggggg the Severer, a journeyman MiFi of Lugonu (D:12)
  The ghost of Jiurer the Brawler, a journeyman TrBe of Trog (Lair:3)
  Azrael (Spider:2)
  4 spark wasps
  Snorg (D:13)
  5 merfolk javelineers (Shoals:4)
  A yaktaur captain (D:15)
  9 merfolk impalers
  2 fire dragons
  4 great orbs of eyes
  An ice dragon (D:15)
  Fannar (Lair:1)
  2 entropy weavers
  A vault guard (D:13)
  A catoblepas (Shoals:3)
  2 merfolk avatars
  2 jorogumos (Spider:3)
  A radroach (Spider:4)
  8 boulder beetles
  8 hydras
  3 merfolk aquamancers (Shoals:4)
  3 two-headed ogres
  2 satyrs
  An alligator (Lair:3)
  3 alligator snapping turtles
  4 centaur warriors
  A deep troll earth mage (D:15)
  3 tengu warriors
  13 death yaks
  5 demonic crawlers
  2 thrashing horrors (Lair:5)
  Amaemon (D:9)
  12 sea snakes
  Nergalle (D:12)
  4 skysharks
  A skeletal warrior (D:15)
  12 orb spiders
  7 pharaoh ants
  A glowing orange brain (Slime:1)
  A sun moth (Spider:4)
  2 swamp dragons (Lair:3)
  A deep elf archer (D:15)
  24 harpies
  3 deep elf pyromancers
  An orc knight (D:15)
  7 steelbarb worms
  A harpy (shapeshifter) (Lair:5)
  Maurice (D:8)
  10 cyclopes
  14 fauns
  12 manticores
  5 shining eyes
  16 wolf spiders
  17 ugly things
  2 large abominations (Lair:5)
  5 elephants (Lair:5)
  3 meliai (Spider:2)
  3 moths of wrath
  13 merfolk sirens
  3 eyes of devastation
  3 torpor snails
  A smoke demon (Lair:5)
  10 water nymphs
  6 black mambas
  An orange demon (D:9)
  A gargoyle (D:11)
  Maggie (D:6)
  A cane toad (shapeshifter) (D:12)
  Jeremiah (D:9)
  4 rime drakes
  10 cane toads
  5 efreet
  3 yaktaurs (D:15)
  7 komodo dragons
  Psyche (D:9)
  A tengu conjurer (D:15)
  2 trolls
  22 merfolk
  A polar bear (Lair:2)
  A queen bee (D:11)
  A queen bee (shapeshifter) (D:15)
  5 wind drakes
  2 tyrant leeches (Lair:3)
  7 hornets
  A raiju (Lair:5)
  24 tarantellas
  16 blink frogs
  4 snapping turtles
  23 dream sheep
  80 slime creatures
  23 culicivoras
  28 jumping spiders
  2 vampires
  3 spriggans (Lair:3)
  A spriggan (shapeshifter) (D:15)
  3 air elementals (Shoals:4)
  A wyvern (Lair:1)
  20 water elementals
  3 shadows
  A ynoxinul (Lair:5)
  A human (shapeshifter) (Lair:5)
  10 basilisks
  4 fire elementals (Spider:2)
  A wraith (D:11)
  2 hogs (D:13)
  6 humans (D:13)
  53 yaks
  Eustachio (D:6)
  2 wargs (D:15)
  4 golden eyes (Slime:1)
  71 redbacks
  3 chaos spawn (Lair:5)
  3 steam dragons (D:8)
  4 swamp worms (Lair:3)
  7 vampire mosquitoes
  2 acid dragons (D:11)
  2 hell hounds (Spider:2)
  Duvessa (D:4)
  11 water moccasins
  A swamp drake (Lair:3)
  3 ice beasts
  2 black bears
  7 orc warriors
  A sky beast (D:7)
  2 ogres (D:6)
  20 wolves
  11 small abominations (Lair:5)
  9 centaurs
  A phantom (D:5)
  2 kobold brigands
  7 bullfrogs
  3 scorpions
  4 wights (D:7)
  Dowan (D:4)
  22 killer bees
  A bombardier beetle (D:3)
  7 howler monkeys
  5 electric eels
  10 orc priests
  2 jellies
  2 gnoll boudas
  10 hounds
  3 iguanas
  10 hell rats
  9 orc wizards
  A boggart simulacrum (D:14)
  15 gnolls
  A river rat (Sewer)
  14 adders
  3 shadow imps
  A white imp (D:3)
  7 ufetubi
  3 ribbon worms
  3 dart slugs
  62 orcs
  6 bats
  9 endoplasms
  5 giant cockroaches
  4 goblins
  6 hobgoblins
  4 jackals (D:1)
  5 quokkas
  7 ball pythons
  7 frilled lizards
  14 kobolds
  8 rats
  A spectral weapon (Spider:1)
1179 creatures vanquished.

Vanquished Creatures (collateral kills)
  A hydra (D:15)
  3 vault guards (D:13)
  A death knight (D:12)
  A merfolk aquamancer (Shoals:4)
  An ugly thing (D:15)
  A freezing wraith (D:15)
  A tengu conjurer (D:15)
  A merfolk (Shoals:4)
  2 humans (D:13)
  An ogre (shapeshifter) (D:15)
13 creatures vanquished.

Vanquished Creatures (others)
  A ghost moth (Spider:3)
  A hydra (D:15)
  A torpor snail (Spider:2)
  4 humans (D:13)
  A golden eye (shapeshifter) (D:15)
8 creatures vanquished.

Grand Total: 1200 creatures vanquished

Notes
Turn   | Place    | Note
-------+----------+-------------------------------------------
     0 | D:1      | lonewolfV2 the Formicid Fighter began the quest for the
                  | Orb.
     0 | D:1      | Reached XP level 1. HP: 18/18 MP: 1/1
    58 | D:1      | Reached XP level 2. HP: 23/24 MP: 2/2
   337 | D:1      | Reached XP level 3. HP: 28/30 MP: 3/3
  1106 | D:2      | Reached XP level 4. HP: 29/37 MP: 4/4
  1161 | D:2      | Found a stormy altar of Qazlal.
  1173 | D:2      | Became a worshipper of Qazlal Stormbringer
  1252 | D:2      | Identified the +2 cloak "Arrame Sol" {rElec rF- Slay+5
                  | SInv}
  1727 | D:3      | Reached XP level 5. HP: 43/43 MP: 5/5
  1773 | D:3      | Reached skill level 5 in Fighting
  1773 | D:3      | Reached skill level 5 in Armour
  1819 | D:3      | Found a glowing drain.
  1831 | D:3      | Reached * piety under Qazlal
  1836 | Sewer    | Entered a sewer
  1883 | Sewer    | Reached XP level 6. HP: 30/49 MP: 6/6
  2004 | D:3      | Found a faded altar of an unknown god.
  2735 | D:4      | Found Xakulih's Weapon Boutique.
  2887 | D:4      | Reached XP level 7. HP: 47/58 MP: 7/7
  2970 | D:4      | Identified the +7 war axe of the Fray {antimagic, rPois
                  | Int+5}
  2982 | D:4      | Reached ** piety under Qazlal
  3060 | D:4      | Noticed Duvessa
  3060 | D:4      | Noticed Dowan
  3068 | D:4      | Killed Duvessa
  3081 | D:4      | Killed Dowan
  3410 | D:4      | Found Xyurghapt's Armour Shop.
  3850 | D:5      | Entered Level 5 of the Dungeon
  4251 | D:5      | Reached XP level 8. HP: 67/67 MP: 2/8
  4397 | D:5      | Reached skill level 1 in Invocations
  4824 | D:5      | Found a staircase to the Ecumenical Temple.
  5134 | D:5      | Found a basalt altar of Yredelemnul.
  5137 | D:5      | Found a shimmering blue altar of Sif Muna.
  5141 | D:5      | Found a bloodstained altar of Trog.
  5144 | D:5      | Found an ancient bone altar of Kikubaaqudgha.
  5147 | D:5      | Found a radiant altar of Vehumet.
  5544 | D:6      | Reached skill level 5 in Invocations
  5868 | D:6      | Noticed Eustachio
  5872 | D:6      | Reached XP level 9. HP: 72/72 MP: 3/13
  5901 | D:6      | Killed Eustachio
  6124 | D:6      | Found Picen's Magic Scroll Shoppe.
  6183 | D:6      | Noticed Maggie
  6203 | D:6      | Killed Maggie
  6203 | D:6      | Reached *** piety under Qazlal
  6204 | D:6      | Reached skill level 5 in Axes
  6204 | D:6      | Reached skill level 5 in Shields
  7095 | D:7      | You fall into a shaft and drop 3 floors!
  7095 | D:10     | Entered Level 10 of the Dungeon
  7495 | D:9      | Reached XP level 10. HP: 73/79 MP: 4/14
  7650 | D:9      | Noticed an orange demon
  7654 | D:9      | Noticed Amaemon
  7669 | D:9      | Killed Amaemon
  7676 | D:9      | Killed an orange demon
  7702 | D:9      | Noticed Jeremiah
  8184 | D:10     | Noticed a two-headed ogre
  8195 | D:10     | Killed a two-headed ogre
  8196 | D:10     | Reached skill level 10 in Shields
  8366 | D:9      | Noticed Psyche
  8369 | D:9      | Killed Psyche
  8440 | D:8      | Noticed Maurice
  8455 | D:8      | Maurice stole 430 gold
  8457 | D:8      | Killed Maurice
  8534 | D:7      | Noticed a sixfirhy
  8538 | D:7      | Found a runed translucent door.
  8552 | D:7      | Reached **** piety under Qazlal
  8562 | D:7      | Reached XP level 11. HP: 73/86 MP: 5/17
  8581 | D:7      | Found an ornate altar of the Wu Jian Council.
  9116 | D:7      | Identified a scroll of acquirement
  9116 | D:7      | Acquired 1054 gold pieces
  9256 | D:4      | Bought the +6 plate armour of Miracles {Str+3 Dex+3} for
                  | 943 gold pieces
 10418 | D:9      | Found a staircase to the Orcish Mines.
 10558 | D:9      | Killed Jeremiah
 10559 | D:9      | Reached skill level 10 in Invocations
 11359 | D:4      | Bought the +4 battleaxe of Sloth {freeze, Fly rC+++ MP-9
                  | Int-2} for 737 gold pieces
 11710 | D:10     | Noticed a two-headed ogre
 11722 | D:10     | Killed a two-headed ogre
 11760 | D:10     | Reached ***** piety under Qazlal
 12197 | D:11     | Reached skill level 10 in Fighting
 12233 | D:11     | Found a blossoming altar of Fedhas.
 12328 | D:11     | Noticed a tengu warrior
 12342 | D:11     | Killed a tengu warrior
 12343 | D:11     | Reached XP level 12. HP: 47/97 MP: 10/19
 12800 | D:11     | Reached skill level 10 in Armour
 13552 | D:11     | Found a staircase to the Lair.
 13728 | D:12     | Found a transporter.
 13728 | D:12     | Noticed ggggg's ghost (journeyman MiFi)
 13780 | D:12     | Noticed Nergalle
 13791 | D:12     | Killed Nergalle
 14011 | D:12     | Reached skill level 10 in Axes
 14151 | D:12     | Noticed a death knight
 14160 | D:12     | Killed a death knight
 14519 | D:12     | Found a transporter.
 14556 | D:12     | Killed ggggg's ghost
 15071 | D:13     | Found a portal to a secret trove of treasure.
 15111 | D:13     | Reached XP level 13. HP: 47/103 MP: 11/22
 15449 | D:13     | Noticed Kirke
 15460 | D:13     | Killed Kirke
 15469 | D:13     | Noticed a vault guard
 15469 | D:13     | Noticed a vault guard
 15469 | D:13     | Noticed a vault guard
 15478 | D:13     | Killed a vault guard
 15478 | D:13     | Noticed a vault guard
 15480 | D:13     | Killed a vault guard
 15486 | D:13     | Killed a vault guard
 15489 | D:13     | Killed a vault guard
 15671 | D:13     | Found a gate to the Vaults.
 15734 | D:13     | Noticed Frances
 15748 | D:13     | Killed Frances
 16004 | D:13     | Noticed Snorg
 16017 | D:13     | Killed Snorg
 16442 | D:14     | Noticed a centaur warrior
 16446 | D:14     | Killed a centaur warrior
 16454 | D:14     | Reached XP level 14. HP: 95/110 MP: 14/23
 16768 | D:14     | Reached skill level 15 in Armour
 16850 | D:15     | Entered Level 15 of the Dungeon
 17094 | D:15     | Found a staircase to the Depths.
 17847 | D:15     | Identified the staff of Qarr {rElec Conj}
 18674 | Lair:1   | Entered Level 1 of the Lair of Beasts
 18871 | Lair:1   | Noticed Fannar
 18884 | Lair:1   | Killed Fannar
 18885 | Lair:1   | Reached skill level 1 in Dodging
 18897 | Lair:1   | Reached XP level 15. HP: 113/117 MP: 15/24
 19683 | Lair:2   | Reached skill level 15 in Axes
 19939 | Lair:2   | Found a hole to the Spider Nest.
 20096 | Lair:2   | Reached XP level 16. HP: 126/126 MP: 16/25
 20153 | Lair:2   | Found a staircase to the Shoals.
 20598 | Lair:3   | Found a runed translucent door.
 21123 | Lair:3   | Reached ****** piety under Qazlal
 21191 | Lair:3   | Identified the +5 falchion of Terror {freeze, rPois Dex+3}
 22140 | Lair:3   | Identified the +10 spear "Tozo Lyl" {freeze, rPois rC+
                  | Str+2}
 22142 | Lair:3   | Noticed Jiurer's ghost (journeyman TrBe)
 22673 | Lair:4   | Found a staircase to the Slime Pits.
 23145 | Lair:5   | Entered Level 5 of the Lair of Beasts
 23176 | Lair:5   | Reached XP level 17. HP: 128/135 MP: 14/26
 23686 | Lair:5   | Identified the +4 long sword "Nytadebb" {heavy, rElec Int+3
                  | Dex-5 SInv}
 24027 | Lair:5   | Reached skill level 10 in Dodging
 24382 | Lair:5   | Found a corrupted altar of Lugonu.
 24382 | Lair:5   | Found a one-way gate to the infinite horrors of the Abyss.
 24393 | Lair:5   | Identified the ring "Bokhloasi" {rF++ Dex+3 SInv}
 24677 | Spider:1 | Entered Level 1 of the Spider Nest
 25509 | Shoals:1 | Entered Level 1 of the Shoals
 25768 | Shoals:1 | Noticed a titan
 25794 | Shoals:1 | Killed a titan
 26146 | Shoals:1 | Noticed Ekaitz's ghost (journeyman DsFE)
 26146 | Shoals:1 | Noticed a kraken
 26174 | Shoals:1 | Found a transporter.
 26174 | Shoals:1 | Found a transporter.
 26195 | Shoals:1 | Reached XP level 18. HP: 146/146 MP: 18/27
 26301 | Shoals:1 | Found Umynuvvy's General Store.
 26504 | Shoals:1 | Found Hepat's Book Shoppe.
 26553 | Shoals:1 | Identified the ring "Sazeawom" {rN+ Will+ Str+6 Dex+3}
 28203 | Shoals:3 | Reached skill level 15 in Fighting
 28223 | Shoals:3 | Noticed Polyphemus
 28244 | Shoals:3 | Killed Polyphemus
 28545 | Shoals:3 | Reached skill level 15 in Invocations
 28820 | Shoals:3 | Found Cason's Mayhem Merchandise.
 29446 | Shoals:4 | Entered Level 4 of the Shoals
 30019 | Shoals:4 | Reached XP level 19. HP: 146/157 MP: 21/30
 30346 | Shoals:4 | Identified the +11 falchion "Arbiter" {flame, Int+2}
 30598 | Shoals:4 | Got a barnacled rune of Zot
 31169 | Lair:3   | Killed Jiurer's ghost
 31568 | Spider:1 | Noticed Asterion
 31579 | Spider:1 | Killed Asterion
 31801 | Spider:2 | Reached skill level 15 in Shields
 31963 | Spider:2 | Noticed Azrael
 31976 | Spider:2 | Killed Azrael
 33527 | Spider:3 | Reached XP level 20. HP: 136/159 MP: 27/32
 34114 | Spider:4 | Entered Level 4 of the Spider Nest
 35834 | Spider:4 | Got a gossamer rune of Zot
 36209 | Slime:1  | Entered Level 1 of the Pits of Slime
 36617 | Slime:1  | Gained mutation: You are strong-willed. (Will+) [a shining
                  | eye]
 36627 | Slime:1  | Gained mutation: You occasionally shout uncontrollably at
                  | your foes. [a shining eye]
 36976 | Slime:2  | Reached skill level 15 in Dodging
 37400 | Slime:2  | Gained mutation: You are dopey. (Int -2) [a shining eye]
 37402 | Slime:1  | Gained mutation: Your flesh is cold resistant. (rC+) [a
                  | shining eye]
 37803 | Slime:3  | Gained mutation: You are very dopey. (Int -4) [a shining
                  | eye]
 38243 | Slime:5  | Entered Level 5 of the Pits of Slime
 38287 | Slime:5  | Gained mutation: You occasionally lose the ability to drink
                  | potions when taking damage. [a shining eye]
 38350 | Slime:5  | Reached XP level 21. HP: 158/170 MP: 31/33
 38432 | Slime:5  | Gained mutation: You frequently scream uncontrollably at
                  | your foes. [a shining eye]
 38619 | Slime:5  | Noticed the Royal Jelly
 38641 | Slime:5  | Mangled by a rockslime

Illustrated notes

Levels and vault maps discovered:
D:1:      sevenhm_arrival_forest_fort_large_2, layout_basic
D:2:      layout_basic, basic_altar, minmay_between
D:3:      layout_rooms, cheibrodos_sewer_entry_sluice, basic_ecumenical_altar,
          st_stairs_7, minmay_misc_feat_room, chequers_serial_rivers_room_a,
          chequers_serial_rivers_room_a, hangedman_feature_mirror
D:4:      layout_cave_pools, nicolae_inconvenience_store, nicolae_stop_n_shop_2,
          uniq_duvessa
D:5:      layout_loops_ring, minitemple, minmay_temple_entry_glass,
          minivault_26, minivault_4, serial_bayou_pond_d, chequers_jeans
D:6:      layout_loops_ring, serial_shops, shop, uniq_eustachio, uniq_maggie
D:7:      cheibrodos_shockbox, layout_rooms, nicolae_wu_jian_wuxing_cycle,
          serial_demonic, serial_demonic_e, serial_demonic_a, serial_demonic_a,
          serial_demonic_g
D:8:      layout_basic, uniq_maurice
D:9:      layout_loops_ring, hiddenorc1_lemuel, special_room [special_room_orc],
          item_on_display_a, uniq_jeremiah, uniq_amaemon, uniq_psyche
D:10:     layout_basic, statue_in_the_mist_lemuel
D:11:     layout_loops_ring, erik_lair_island, special_room [special_room_bee],
          fedhas_bush_and_centaur_altar
D:12:     layout_cave_pools, gammafunk_ghost_arena, minmay_microvault,
          uniq_nergalle
D:13:     layout_loops_cross, ximxim_vaults_locker_room, enter_trove_0,
          uniq_kirke, uniq_frances, uniq_snorg
D:14:     layout_roguey, chequers_hall_statues_y
D:15:     hellmonk_depths_entry_around_the_bend, layout_irregular_city,
          nicolae_hexahallways, minmay_pinched_square
Lair:1:   dragon1_lemuel, layout_hall_layers, serial_bayou_shore_b,
          infiniplex_staircase_pool, uniq_fannar
Lair:2:   layout_concentric_octagons, minmay_shoals_entry_hut,
          spider_nest_entry_a
Lair:3:   onia_ninara_swampy_vault, layout_chaotic_city,
          ebering_ghost_funeral_grove, hibernation_bobbens
Lair:4:   layout_regular_city, slime_entry_1, grunt_megastairs_4,
          lemuel_fruit_tree
Lair:5:   hellmonk_lair_end_abyssal_woods, layout_regular_city,
          gauntlet_entry_generic, fungi_pond_lemuel, st_stairs_11,
          nzn_sisyphean_effort
Shoals:1: cheibrodos_shoals_gigantism, layout_shoals, serial_shops, shop, shop,
          ebering_ghost_davey_jones
Shoals:2: layout_shoals
Shoals:3: layout_shoals, minmay_shop_mayhem, uniq_polyphemus
Shoals:4: shoals_end_hellmonk_storm_palace [storm_palace_center_circular,
          storm_palace_corner_pillars, storm_palace_corner_blocked,
          storm_palace_corner_narrow, storm_palace_corner_grid]
Spider:1: layout_spider_delve, uniq_asterion
Spider:2: layout_spider_delve, uniq_azrael
Spider:3: layout_spider_delve, drop_trap
Spider:4: spider_rune_water, special_room
Slime:1:  layout_caves
Slime:2:  layout_caves
Slime:3:  layout_caves
Slime:4:  layout_caves
Slime:5:  slime_pit_nicolae_block_by_block

Skill      XL: |  1  2  3  4  5  6  7  8  9 10 11 12 13 14 15 16 17 18 19 20 21 |
---------------+----------------------------------------------------------------+-----
Fighting       | 4 5 6 7 8 10 11 12 14 15 16 | 16.4
Armour         | 4 5 6 7 9 10 14 17 | 17.6
Invocations    | 5 6 8 10 12 13 15 16 | 16.5
Axes           | 3 6 8 11 13 14 15 16 | 16.6
Shields        | 7 10 11 17 | 17.6
Dodging        | 1 6 9 11 12 15 | 15.8

Action                     |  1- 3 |  4- 6 |  7- 9 | 10-12 | 13-15 | 16-18 | 19-21 || total
---------------------------+-------+-------+-------+-------+-------+-------+-------++-------
  Melee: War axe           |   104 |   106 |   168 |   254 |       |       |       ||   632
         Battleaxe         |       |       |       |   188 |   339 |   628 |   734 ||  1889
         Unarmed           |       |       |       |       |       |       |    11 ||    11
 Invoke: Upheaval          |       |       |     1 |     1 |     1 |     3 |       ||     6
         Elemental Force   |       |       |       |     1 |     3 |     1 |     2 ||     7
         Disaster Area     |       |       |       |     1 |       |     2 |     1 ||     4
Ability: Shaft Self        |       |       |     1 |       |       |       |       ||     1
         Dig               |       |       |       |     1 |       |     1 |     3 ||     5
  Evoke: Wand              |       |       |     5 |    24 |       |     1 |     8 ||    38
         Condenser vane    |       |       |       |       |       |       |     1 ||     1
         Phial of floods   |       |       |       |       |       |       |     1 ||     1
    Use: Scroll            |     3 |     6 |    10 |     5 |     9 |     4 |     1 ||    38
         Potion            |       |     1 |     3 |     4 |     1 |     3 |    11 ||    23
   Stab: Invisible         |       |       |     1 |     2 |       |     1 |       ||     4
         Paralysed         |       |       |       |       |     4 |       |       ||     4
         Petrified         |       |       |       |       |       |     7 |       ||     7
         Petrifying        |       |       |       |       |       |     1 |       ||     1
 Armour: Scale mail        |    73 |    78 |   117 |       |       |       |       ||   268
         Plate armour      |       |       |    18 |   301 |   212 |   415 |   467 ||  1413
         Skin              |       |       |       |       |       |       |     1 ||     1
  Dodge: Dodged            |    66 |    48 |    73 |   109 |    50 |   268 |   281 ||   895
         Repelled          |       |       |       |       |     3 |    11 |     9 ||    23
  Block: Buckler           |    41 |    52 |   105 |   327 |    16 |       |       ||   541
         Tower shield      |       |       |       |       |   490 |  1375 |  1461 ||  3326
         Other             |       |       |       |       |       |       |     1 ||     1
